 Dungeon Crawl Stone Soup version 0.31-a0-175-g9f7f995f2b (webtiles) character file.

Game seed: 10952430384099349875

268 qw the Chopper (level 6, 0/37 HPs)
             Began as a Gargoyle Fighter on June 16, 2023.
             Killed by divine providence
             ... invoked by an orc priest
              (14 damage)
             ... on level 3 of the Dungeon.
             The game lasted 00:01:06 (2721 turns).

qw the Chopper (Gargoyle Fighter)                   Turns: 2721, Time: 00:01:07

Health: 0/37       AC: 18    Str: 21    XL:     6   Next: 21%
Magic:  6/6        EV:  5    Int:  9    God:
Gold:   144        SH:  4    Dex:  9    Spells: 5/5 levels left

rFire   . . .        Y - +0 war axe
rCold   . . .        c - +0 buckler
rNeg    + . .        m - +0 plate armour
rPois   inf          g - +0 helmet
rElec   +            (no cloak)
rCorr   .            (no gloves)
SInv    .            l - +0 pair of boots
Will    .....        (no amulet) Stlth
                     (no ring)
HPRegen 0.26/turn    (no ring)
MPRegen 0.10/turn

%: no passive effects
@: no status effects
A: sickness immunity, AC +4, negative energy resistance 1, electricity
resistance, torment resistance 1, petrification resistance
a: no special abilities


You were on level 3 of the Dungeon.
You visited 1 branch of the dungeon, and saw 3 of its levels.

You collected 144 gold pieces.


Innate Abilities, Weirdness & Mutations

You are immune to sickness and miasma.
Your stone body is resilient. (AC +4)
You are immune to poison.
You resist negative energy. (rN+)
You are resistant to electric shocks. (rElec)
You are resistant to unholy torment.
You are immune to petrification.


   Skills:
 + Level 3.3 Fighting
 - Level 5.8 Axes
 - Level 3.2 Armour
 - Level 3.2 Shields


You had 5 spell levels left.
You didn't know any spells.
Your spell library was empty.

Inventory:

Hand Weapons
 j - a +0 whip
 Y - a +0 war axe (weapon)
Armour
 c - a +0 buckler (worn)
 g - a +0 helmet (worn)
 l - a +0 pair of boots (worn)
 m - a +0 plate armour (worn)
Scrolls
 a - 2 scrolls of identify
 b - a scroll of acquirement {unknown}
Potions
 d - a potion of might
 h - 2 potions of attraction
 k - a potion of lignification

Dungeon Overview and Level Annotations

Branches:
Dungeon (3/15)

Altars:
Zin


Message History

You open the door.
An orc, an orc wizard and an orc priest come into view.
The orc shouts!
The orc wizard shouts!
The orc priest shouts!
You hear a shout!
The orc priest calls down the wrath of Beogh upon you.
Beogh smites you!
Enter note:
Enter note:
Enter note:
Enter note:
Enter note:
Enter note:
Enter note:
Enter note:
Enter note:
Enter note:
Enter note:
Enter note:
There is an open door here.
You hit the orc priest.
The orc priest is lightly wounded.
The orc priest hits you but does no damage.
The orc priest looks satisfied for a moment.
You barely miss the orc priest.
The orc priest is lightly wounded.
The orc priest barely misses you.
You hit the orc priest.
The orc priest is moderately wounded.
You block the orc priest's attack.
You barely miss the orc priest.
The orc priest is moderately wounded.
The orc priest invokes the aid of Beogh against you.
Beogh smites you!
You hit the orc priest.
The orc priest is moderately wounded.
The orc priest looks encouraged for a moment.
You slash the orc priest!
The orc priest is almost dead.
The orc priest mumbles some strange prayers to Beogh against you.
Beogh smites you!
You die...

#########...##.### #..
#.................####
#.#######+#######.#
#.# # ####.# ###
#....# #o. #....# #o#
#....# #o#
#....###@###.###
#....'..........
#..>.###+###.### .
#....# . #....# .
#....# . #....# .
#....# . ####.# #


You could see an orc priest, an orc wizard and an orc.

Vanquished Creatures
  Sigmund (D:3)
  Terence (D:2)
  4 adders
  2 dart slugs (D:2)
  3 endoplasms
  A giant cockroach (D:3)
  A goblin (D:2)
  5 hobgoblins
  2 jackals (D:2)
  5 kobolds
  3 quokkas
  4 ball pythons
  6 bats
  4 frilled lizards
  5 rats
47 creatures vanquished.

Notes
Turn   | Place    | Note
-------+----------+-------------------------------------------
     0 | D:1      | qw the Gargoyle Fighter began the quest for the Orb.
     0 | D:1      | Reached XP level 1. HP: 14/14 MP: 1/1
     0 | D:1      | 0 ||| qw: Version: 0.2-a-29-g511e9b1
     0 | D:1      | 0 ||| qw: Game counter: 64
     0 | D:1      | 0 ||| qw: Always use a shield: true
     0 | D:1      | 0 ||| qw: God list: Okawaru
     0 | D:1      | 0 ||| qw: Allow faded altars: false
     0 | D:1      | 0 ||| qw: Do Orc after D:15 true
     0 | D:1      | 0 ||| qw: Do second Lair branch before Depths: true
     0 | D:1      | 0 ||| qw: Lair rune preference: random
     0 | D:1      | 0 ||| qw: Plans: Normal, Zot:1-4, Slime:5, God:TSO, Crypt,
                  | Tomb, Abyss, Pan, Hells, Win
     0 | D:1      | 0 ||| PLANNING D:1-11
    23 | D:1      | Reached skill level 2 in Axes
   219 | D:1      | Reached XP level 2. HP: 15/19 MP: 2/2
   262 | D:1      | 262 ||| Stepping ~*~*~tactically~*~*~ (hiding).
   890 | D:1      | 890 ||| READING scroll labelled YNLUSHR GUBOC.
   891 | D:1      | 891 ||| DRINKING 3 bubbling emerald potions.
   892 | D:1      | 892 ||| DRINKING 2 grey potions.
   893 | D:1      | 893 ||| DROPPING potion of brilliance.
   909 | D:2      | 909 ||| STAIRDANCE
  1020 | D:2      | Reached skill level 3 in Axes
  1020 | D:2      | Reached XP level 3. HP: 21/23 MP: 3/3
  1148 | D:2      | 1148 ||| Stepping ~*~*~tactically~*~*~ (hiding).
  1421 | D:2      | 1421 ||| Stepping ~*~*~tactically~*~*~ (stealth).
  1520 | D:2      | Reached XP level 4. HP: 28/28 MP: 4/4
  1531 | D:2      | 1531 ||| Stepping ~*~*~tactically~*~*~ (stealth).
  1571 | D:2      | 1571 ||| Stepping ~*~*~tactically~*~*~ (hiding).
  1844 | D:2      | Noticed Terence
  1853 | D:2      | HP: 5/28 [Terence/+0 falchion of distortion (21)]
  1854 | D:2      | 1854 ||| DRINKING 2 potions of heal wounds.
  1859 | D:2      | HP: 7/28 [Terence/+0 falchion of distortion (21)]
  1860 | D:2      | 1860 ||| DRINKING potion of heal wounds.
  1863 | D:2      | Killed Terence
  1864 | D:2      | Reached skill level 4 in Axes
  2068 | D:2      | 2068 ||| UPGRADING to +0 chain mail.
  2078 | D:2      | 2078 ||| DROPPING +0 scale mail.
  2079 | D:2      | 2079 ||| UPGRADING to +0 helmet.
  2084 | D:2      | 2084 ||| UPGRADING to +0 pair of boots.
  2089 | D:2      | 2089 ||| UPGRADING to +0 plate armour.
  2099 | D:2      | 2099 ||| DROPPING +0 chain mail.
  2100 | D:2      | 2100 ||| READING scroll labelled QUTYNU EVOH.
  2101 | D:2      | 2101 ||| DRINKING 2 fuming silvery potions.
  2140 | D:2      | 2140 ||| READING 3 scrolls of identify.
  2140 | D:2      | 2140 ||| IDENTIFYING ruby potion
  2354 | D:3      | Found a glowing silver altar of Zin.
  2355 | D:3      | 2355 ||| Stepping ~*~*~tactically~*~*~ (stealth).
  2468 | D:3      | Noticed Sigmund
  2469 | D:3      | 2469 ||| Stepping ~*~*~tactically~*~*~ (hiding).
  2489 | D:3      | Killed Sigmund
  2490 | D:3      | Reached skill level 5 in Axes
  2490 | D:3      | Reached XP level 5. HP: 29/32 MP: 5/5
  2490 | D:3      | Reached XP level 6. HP: 33/37 MP: 6/6
  2721 | D:3      | Killed from afar by an orc priest

Levels and vault maps discovered:
D:1:      dpeg_arrival_shrine, layout_basic, hangedman_decor_points
D:2:      layout_basic, minmay_tetromino_s4, uniq_terence
D:3:      layout_basic, zin_academy, nrook_uturn, minmay_door_square,
          uniq_sigmund

Skill      XL: |  1  2  3  4 |
---------------+-------------+-----
Axes           | 2 3 5 |  5.8
Fighting       | |  3.3
Armour         | |  3.2
Shields        | |  3.2

Action                     |  1- 3 |  4- 6 || total
---------------------------+-------+-------++-------
  Melee: War axe           |   111 |    74 ||   185
    Use: Potion            |     2 |     3 ||     5
         Scroll            |     1 |     2 ||     3
 Armour: Scale mail        |    71 |    16 ||    87
         Plate armour      |       |    14 ||    14
         Skin              |       |    10 ||    10
  Dodge: Dodged            |    42 |    22 ||    64
  Block: Buckler           |    15 |     9 ||    24

Table legend:
 A = Non-vault XP
 B = Vault XP
 C = Vault XP percentage of total XP
 D = Non-vault monster count
 E = Vault monster count
 F = Vault count percentage of total count
                 A         B        C        D         E       F
            +---------+---------+-------+---------+---------+-------
      Total |     118 |     265 |  69.2 |      43 |       4 |   8.5
            +---------+---------+-------+---------+---------+-------
        D:1 |      27 |       0 |   0.0 |      18 |       0 |   0.0
        D:2 |      66 |      39 |  37.1 |      17 |       3 |  15.0
        D:3 |      25 |     226 |  90.0 |       8 |       1 |  11.1
            +---------+---------+-------+---------+---------+-------
